 Dungeon Crawl Stone Soup version 0.30.1-3-gfc49f6343a (webtiles) character file.

Game seed: 6958819784310282428

911 Wiggles the Cleaver (level 7, -6/50 (61) HPs)
             Began as a Minotaur Berserker on July 25, 2023.
             Was a Priest of Trog.
             Mangled by Edmund
             ... wielding a +5 dire flail of draining
              (9 damage)
             ... on level 5 of the Dungeon.
             The game lasted 00:08:32 (4378 turns).

Wiggles the Cleaver (Minotaur Berserker)            Turns: 4378, Time: 00:08:32

HP:   -6/50 (61)    AC: 13    Str: 24    XL:     7   Next: 82%
MP:   15/15         EV:  9    Int:  4    God:    Trog [***...]
Gold: 122           SH:  0    Dex:  9    Spells: 6/6 levels left

rFire   . . .        u - +0 war axe
rCold   . . .        (no shield)
rNeg    . . .        B - +1 chain mail {Will+}
rPois   .            (helmet restricted)
rElec   .            d - +0 cloak
rCorr   .            (no gloves)
SInv    .            i - +0 pair of boots
Will    +....        (no amulet) Stlth
                     e - +4 ring of slaying
HPRegen 0.28/turn    l - ring of magical power
MPRegen 0.14/turn

%: no passive effects
@: heavily drained
A: horns 2, retaliatory headbutt
a: Renounce Religion, Berserk, Trog's Hand


You were on level 5 of the Dungeon.
You worshipped Trog.
Trog was most pleased with you.
You visited 1 branch of the dungeon, and saw 5 of its levels.
You also visited: Sewer.

You collected 122 gold pieces.

Inventory:

Hand Weapons
 u - a +0 war axe (weapon)
Missiles
 b - 2 throwing nets
 w - 7 boomerangs (quivered)
Armour
 d - a +0 cloak (worn)
 i - a +0 pair of boots (worn)
 B - a +1 chain mail of willpower (worn)
Jewellery
 e - a +4 ring of slaying (left hand)
 l - a ring of magical power (right hand)
 p - a ring of magical power
 v - a ring of resist corrosion
 x - a ring of positive energy
Wands
 a - a wand of light (10)
 o - a wand of digging (8)
 D - a wand of roots (7)
Scrolls
 j - a scroll of enchant weapon {unknown}
 q - 2 scrolls of noise {unknown}
 r - a scroll of amnesia {unknown}
 s - a scroll of fear {unknown}
 y - 2 scrolls of teleportation {unknown}
Potions
 c - a potion of degeneration {unknown}
 f - 3 potions of flight {unknown}
 g - a potion of lignification {unknown}
 h - 3 potions of might {unknown}
 k - 2 potions of heal wounds {unknown}
 m - a potion of resistance {unknown}
 n - 2 potions of invisibility {unknown}
 t - a potion of mutation {unknown}
 z - a potion of berserk rage {unknown}
 A - a potion of ambrosia {unknown}
 C - 2 potions of haste {unknown}


   Skills:
 + Level 5.4 Fighting
 + Level 8.3 Axes
 + Level 1.5 Throwing
 + Level 5.1 Armour
 + Level 3.8 Dodging
 + Level 1.2 Stealth


You had 6 spell levels left.
You didn't know any spells.
Your spell library was empty.

Dungeon Overview and Level Annotations

Branches:
Dungeon (5/15)              Sewer (visited)
 Temple: D:4-7

Altars:
Ashenzari
Elyvilon
Qazlal

Shops:
D:4 !

Annotations:
D:5 Edmund


Innate Abilities, Weirdness & Mutations

You have a pair of horns on your head.
You reflexively headbutt those who attack you in melee.


Message History

Edmund is moderately wounded.
You hit the white imp but do no damage.
Edmund hits you with a +5 dire flail of draining.
You feel drained. The white imp misses you.
You hit Edmund but do no damage. Your headbutt misses Edmund.
Edmund is moderately wounded.
You hit the white imp but do no damage.
Edmund hits you with a +5 dire flail of draining.
You feel drained. The white imp gestures at you. The puff of frost misses you.
You hit Edmund but do no damage. Your headbutt misses Edmund.
Edmund is moderately wounded.
You closely miss the white imp. Edmund closely misses you.
You furiously retaliate!
You headbutt Edmund! The white imp gestures at you. The puff of frost hits you.
You closely miss Edmund.
Edmund is severely wounded.
You hit the white imp.
You kill the white imp!
Trog accepts your kill.
Edmund hits you with a +5 dire flail of draining!
* * * LOW HITPOINT WARNING * * *
You feel drained.
* * * LOW HITPOINT WARNING * * *
You closely miss Edmund.
Edmund is severely wounded.
Edmund zaps a wand.
You resist with almost no effort.
The now-empty wand crumbles to dust.
You closely miss Edmund.
Edmund is severely wounded.
Edmund barely misses you.
Edmund hits you with a +5 dire flail of draining.
* * * LOW HITPOINT WARNING * * *
You feel drained.
You slash Edmund! Your headbutt misses Edmund.
Edmund is almost dead.
Edmund hits you with a +5 dire flail of draining!
You die...

##...## ##.....## #####
#.......# ##....
#..._...# #.♣###
#.......# #.##.. .
##.....#####.#.♣. ...
#####...####.'.#..<
.....#...##.##....#.#.♣.
......@@..........#.##.(
..##.#...........##.♣###
####......#####.
#....#.# # #....#.#
#....#.# #.#.##.#
.......#


You could see Edmund.

Vanquished Creatures
  Menkaure (D:4)
  A black bear (D:4)
  A phantom (D:5)
  A kobold brigand (Sewer)
  2 scorpions
  A jelly (D:4)
  A hound (D:5)
  Ijyb (D:5)
  2 iguanas (D:4)
  3 orc wizards
  7 adders
  5 river rats (Sewer)
  A white imp (D:5)
  A worm (D:2)
  4 dart slugs
  16 orcs
  5 endoplasms
  6 giant cockroaches
  5 goblins
  5 hobgoblins
  8 jackals
  4 quokkas
  6 ball pythons
  6 bats
  6 frilled lizards
  10 kobolds
  7 rats
116 creatures vanquished.

Notes
Turn   | Place    | Note
-------+----------+-------------------------------------------
     0 | D:1      | Wiggles the Minotaur Berserker began the quest for the Orb.
     0 | D:1      | Reached XP level 1. HP: 19/19 MP: 0/0
   196 | D:1      | Reached skill level 4 in Axes
   369 | D:1      | Reached XP level 2. HP: 27/27 MP: 1/1
   864 | D:2      | Reached XP level 3. HP: 32/33 MP: 2/2
   900 | D:2      | Reached ** piety under Trog
  1183 | D:2      | Noticed a scorpion
  1187 | D:2      | Killed a scorpion
  1188 | D:2      | Reached skill level 5 in Axes
  1188 | D:2      | Reached XP level 4. HP: 32/41 MP: 3/3
  1491 | D:3      | Found a faded altar of an unknown god.
  1816 | D:3      | Reached XP level 5. HP: 47/47 MP: 4/4
  2043 | D:3      | Found a glowing drain.
  2047 | Sewer    | Entered a sewer
  2173 | Sewer    | Reached skill level 6 in Axes
  2177 | Sewer    | Reached XP level 6. HP: 50/53 MP: 5/5
  2180 | Sewer    | Reached *** piety under Trog
  3558 | D:4      | Found a stormy altar of Qazlal.
  3559 | D:4      | Found a white marble altar of Elyvilon.
  3604 | D:4      | Reached skill level 7 in Axes
  3604 | D:4      | Reached skill level 1 in Stealth
  3604 | D:4      | Reached XP level 7. HP: 60/60 MP: 6/6
  3608 | D:4      | Reached skill level 5 in Fighting
  3622 | D:4      | Reached skill level 1 in Throwing
  3702 | D:4      | Noticed Menkaure
  3707 | D:4      | Killed Menkaure
  3708 | D:4      | Reached skill level 5 in Armour
  4054 | D:4      | Found Vuixka's Distillery.
  4302 | D:5      | Entered Level 5 of the Dungeon
  4308 | D:5      | Noticed Ijyb
  4314 | D:5      | Killed Ijyb
  4323 | D:5      | Reached skill level 8 in Axes
  4353 | D:5      | Found a broken altar of Ashenzari.
  4363 | D:5      | Noticed Edmund
  4378 | D:5      | Mangled by Edmund

Illustrated notes

Levels and vault maps discovered:
D:1:      psy_arrival_wood_between_worlds, layout_loops_ring,
          due_unseen_surprise
D:2:      layout_loops_ring, st_stairs_11
D:3:      layout_basic, gup_sewer_entry_spiral, ebering_ecumenical_altar_box,
          chequers_hall_statues_corner_a
D:4:      layout_basic, nicolae_overflow_squiral, serial_shops,
          nicolae_inconvenience_store, uniq_menkaure
D:5:      layout_loops_cross, kennysheep_okawaru_gauntlet, lemuel_round_altar,
          grunt_ministairs_11, uniq_ijyb, uniq_edmund

Skill      XL: |  1  2  3  4  5  6  7 |
---------------+----------------------+-----
Axes           | 4 5 6 7 8 |  8.3
Fighting       | 4 5 |  5.4
Dodging        | 3 |  3.8
Armour         | 3 4 5 |  5.1
Stealth        | 1 |  1.2
Throwing       | 1 |  1.5

Action                     |  1- 3 |  4- 6 |  7- 9 || total
---------------------------+-------+-------+-------++-------
  Melee: Hand axe          |    46 |   134 |       ||   180
         Headbutt          |     7 |    23 |     6 ||    36
         War axe           |       |    29 |    31 ||    60
         Punch             |       |     4 |       ||     4
  Throw: Boomerang         |       |    11 |       ||    11
 Invoke: Berserk           |       |     1 |     2 ||     3
 Armour: Animal skin       |    13 |       |       ||    13
         Ring mail         |     7 |    38 |       ||    45
         Scale mail        |       |    15 |     3 ||    18
         Chain mail        |       |       |    12 ||    12
  Dodge: Dodged            |    27 |    64 |    19 ||   110
